BSA
JERSEY SHORE D-BAGS @ KALAMAZOO ROYALE WITH CHEESE
06/27/2030
 
TOP OF THE 1ST
Jersey Shore D-Bags batting - Pitching for Kalamazoo Royale with Cheese : RHP Frank Davis
Pitching: RHP Frank Davis
Batting: LHB Juan Hernández 0-0: Ball
1-0: Ball
2-0: Fly out, F6 (Popup, 6D)
Batting: RHB Ricardo González 0-0: Ball
1-0: Swinging Strike
1-1: Foul Ball, location: 2F
1-2: Strikes out looking
Batting: LHB Dave Dodd 0-0: Ball
1-0: Foul Ball, location: 2F
1-1: Swinging Strike
1-2: Foul Ball, location: 2F
1-2: Strikes out swinging
Top of the 1st over - 0 runs, 0 hits, 0 errors, 0 left on base; Jersey Shore 0 - Kalamazoo 0
BOTTOM OF THE 1ST
Kalamazoo Royale with Cheese batting - Pitching for Jersey Shore D-Bags : RHP Iván Maldonado
Pitching: RHP Iván Maldonado
Batting: RHB Millard Boyd 0-0: Called Strike
0-1: Ball
1-1: Swinging Strike
1-2: Ball
2-2: Foul Ball, location: 2F
2-2: Foul Ball, location: 2F
2-2: Ball
3-2: Base on Balls
Batting: LHB Gene Cooper 0-0: Ball
1-0: Foul Ball, location: 2F
1-1: Fly out, F9 (Line Drive, 9D)
Batting: SHB Caden Keith 0-0: Ball
1-0: Ball
2-0: Foul Ball, location: 2F
2-1: Ball
3-1: Base on Balls
Millard Boyd to second
Batting: LHB Roberto Sandoval 0-0: Ball
1-0: Foul Ball, location: 2F
1-1: Called Strike
1-2: Ball
2-2: Ball
3-2: Foul Ball, location: 2F
3-2: SINGLE (Line Drive, 6MD)
Millard Boyd to third
Caden Keith to second
Runner from 3rd tries for Home, SAFE, no throw
Batting: RHB Eugene Gill 0-0: Ball
1-0: Ground out 5-3 (Groundball, 56S)
Caden Keith to third
Roberto Sandoval to second
Batting: LHB Donovan Bird 0-0: Fly out, F9 (Line Drive, 89S)
Bottom of the 1st over - 1 run, 1 hit, 0 errors, 2 left on base; Jersey Shore 0 - Kalamazoo 1
TOP OF THE 2ND
Jersey Shore D-Bags batting - Pitching for Kalamazoo Royale with Cheese : RHP Frank Davis
Batting: RHB Miguel Serna 0-0: Ball
1-0: SINGLE (Line Drive, 56)
Batting: LHB António Cedeño 0-0: Ball
1-0: Ball
2-0: Called Strike
2-1: Called Strike
2-2: Fly out, F8 (Flyball, 8LS)
Batting: RHB Ben Morton 0-0: Called Strike
0-1: Fly out, F8 (Line Drive, 8LD)
Batting: LHB Ray Bryant 0-0: Ground out 4-3 (Groundball, 4S)
Top of the 2nd over - 0 runs, 1 hit, 0 errors, 1 left on base; Jersey Shore 0 - Kalamazoo 1
BOTTOM OF THE 2ND
Kalamazoo Royale with Cheese batting - Pitching for Jersey Shore D-Bags : RHP Iván Maldonado
Batting: RHB Zander Tremblett 0-0: Called Strike
0-1: Ball
1-1: Ground out 5-3 (Groundball, 56S)
Batting: LHB Jim Clemente 0-0: Ball
1-0: Ball
2-0: SOLO HOME RUN (Flyball, 9LD), Distance : 372 ft
Batting: LHB Bill McJannett 0-0: Called Strike
0-1: Ball
1-1: Foul Ball, location: 2F
1-2: Ball
2-2: Ball
3-2: Base on Balls
Batting: RHB Millard Boyd 0-0: Called Strike
0-1: Grounds into double play, 5-4-3 (Groundball, 56)
Bottom of the 2nd over - 1 run, 1 hit, 0 errors, 0 left on base; Jersey Shore 0 - Kalamazoo 2
TOP OF THE 3RD
Jersey Shore D-Bags batting - Pitching for Kalamazoo Royale with Cheese : RHP Frank Davis
Batting: RHB Francisco Sandoval 0-0: Swinging Strike
0-1: Ball
1-1: Ball
2-1: Ball
3-1: Called Strike
3-2: Base on Balls
Batting: LHB José Delgado 0-0: Foul Ball, location: 2F
0-1: Grounds into double play, 6-4-3 (Groundball, 6)
Batting: LHB Juan Hernández 0-0: Swinging Strike
0-1: Ground out 6-3 (Groundball, 6S)
Top of the 3rd over - 0 runs, 0 hits, 0 errors, 0 left on base; Jersey Shore 0 - Kalamazoo 2
BOTTOM OF THE 3RD
Kalamazoo Royale with Cheese batting - Pitching for Jersey Shore D-Bags : RHP Iván Maldonado
Batting: LHB Gene Cooper 0-0: Ball
1-0: Ball
2-0: Called Strike
2-1: Ground out 4-3 (Groundball, 34)
Batting: SHB Caden Keith 0-0: Called Strike
0-1: Ball
1-1: Foul Ball, location: 2F
1-2: SINGLE (Flyball, 89S)
Batting: LHB Roberto Sandoval 0-0: Ball
1-0: Called Strike
1-1: Ball
2-1: Fly out, F9 (Flyball, 9LSF)
Batting: RHB Eugene Gill 0-0: Ball
1-0: Ball
2-0: Ball
3-0: Base on Balls
Caden Keith to second
Batting: LHB Donovan Bird 0-0: Called Strike
0-1: Ground out U3 (Groundball, 3L)
Bottom of the 3rd over - 0 runs, 1 hit, 0 errors, 2 left on base; Jersey Shore 0 - Kalamazoo 2
TOP OF THE 4TH
Jersey Shore D-Bags batting - Pitching for Kalamazoo Royale with Cheese : RHP Frank Davis
Batting: RHB Ricardo González 0-0: Foul Ball, location: 2F
0-1: Foul Ball, location: 2F
0-2: Foul Ball, location: 2F
0-2: Ball
1-2: Strikes out looking
Batting: LHB Dave Dodd 0-0: Swinging Strike
0-1: Swinging Strike
0-2: Strikes out swinging
Batting: RHB Miguel Serna 0-0: Ball
1-0: Ground out 3-1 (Groundball, 34)
Top of the 4th over - 0 runs, 0 hits, 0 errors, 0 left on base; Jersey Shore 0 - Kalamazoo 2
BOTTOM OF THE 4TH
Kalamazoo Royale with Cheese batting - Pitching for Jersey Shore D-Bags : RHP Iván Maldonado
Batting: RHB Zander Tremblett 0-0: Called Strike
0-1: Foul Ball, location: 2F
0-2: Fly out, F7 (Flyball, 7S)
Batting: LHB Jim Clemente 0-0: Called Strike
0-1: TRIPLE (Flyball, 89XD)
Batting: LHB Bill McJannett 0-0: Ball
1-0: Swinging Strike
1-1: Ground out 6-3 (Groundball, 6MS)
Jim Clemente scores
Batting: RHB Millard Boyd 0-0: Ball
1-0: Swinging Strike
1-1: Swinging Strike
1-2: Ball
2-2: Ball
3-2: Foul Ball, location: 2F
3-2: Ground out 6-3 (Groundball, 6)
Bottom of the 4th over - 1 run, 1 hit, 0 errors, 0 left on base; Jersey Shore 0 - Kalamazoo 3
TOP OF THE 5TH
Jersey Shore D-Bags batting - Pitching for Kalamazoo Royale with Cheese : RHP Frank Davis
Batting: LHB António Cedeño 0-0: Ball
1-0: Called Strike
1-1: Foul Ball, location: 2F
1-2: Ball
2-2: Foul Ball, location: 2F
2-2: Ball
3-2: Strikes out swinging
Batting: RHB Ben Morton 0-0: Foul Ball, location: 2F
0-1: Swinging Strike
0-2: Ball
1-2: Ball
2-2: Ball
3-2: Strikes out looking
Batting: LHB Ray Bryant 0-0: Foul Ball, location: 2F
0-1: Foul Ball, location: 2F
0-2: Ball
1-2: Ball
2-2: Foul Ball, location: 2F
2-2: Ground out 5-3 (Groundball, 5L)
Top of the 5th over - 0 runs, 0 hits, 0 errors, 0 left on base; Jersey Shore 0 - Kalamazoo 3
BOTTOM OF THE 5TH
Kalamazoo Royale with Cheese batting - Pitching for Jersey Shore D-Bags : RHP Iván Maldonado
Batting: LHB Gene Cooper 0-0: Ball
1-0: Called Strike
1-1: Foul Ball, location: 2F
1-2: Fly out, F8 (Flyball, 8LM)
Batting: SHB Caden Keith 0-0: Called Strike
0-1: Ball
1-1: Called Strike
1-2: Ball
2-2: Ball
3-2: DOUBLE (Flyball, 78D)
Pitching: RHP Cristóbal Santos
Batting: LHB Roberto Sandoval 0-0: Ball
Caden Keith is caught stealing 3rd base
1-0: Called Strike
1-1: Ground out 6-3 (Groundball, 4M)
Bottom of the 5th over - 0 runs, 1 hit, 0 errors, 0 left on base; Jersey Shore 0 - Kalamazoo 3
TOP OF THE 6TH
Jersey Shore D-Bags batting - Pitching for Kalamazoo Royale with Cheese : RHP Frank Davis
Batting: RHB Francisco Sandoval 0-0: Ball
1-0: Swinging Strike
1-1: Ball
2-1: Foul Ball, location: 2F
2-2: Fly out, F7 (Flyball, 7)
Batting: LHB José Delgado 0-0: Called Strike
0-1: Foul Ball, location: 2F
0-2: Ball
1-2: Ball
2-2: Strikes out looking
Batting: LHB Juan Hernández 0-0: Ground out U3 (Groundball, 3L)
Top of the 6th over - 0 runs, 0 hits, 0 errors, 0 left on base; Jersey Shore 0 - Kalamazoo 3
BOTTOM OF THE 6TH
Kalamazoo Royale with Cheese batting - Pitching for Jersey Shore D-Bags : RHP Cristóbal Santos
Batting: RHB Eugene Gill 0-0: Foul Ball, location: 2F
0-1: Ground out 4-3 (Groundball, 4)
Pitching: RHP Howard Joyce
Batting: LHB Donovan Bird 0-0: Ball
1-0: Swinging Strike
1-1: Called Strike
1-2: Ball
2-2: Fly out, F9 (Flyball, 89S)
Pitching: RHP José Ramos
Batting: RHB Zander Tremblett 0-0: Foul Ball, location: 2F
0-1: Ball
1-1: Ball
2-1: Fly out, F9 (Flyball, 89D)
Bottom of the 6th over - 0 runs, 0 hits, 0 errors, 0 left on base; Jersey Shore 0 - Kalamazoo 3
TOP OF THE 7TH
Jersey Shore D-Bags batting - Pitching for Kalamazoo Royale with Cheese : RHP Frank Davis
Batting: RHB Ricardo González 0-0: Fly out, F7 (Flyball, 78S)
Batting: LHB Dave Dodd 0-0: Called Strike
0-1: Ground out 6-3 (Groundball, 6)
Batting: RHB Miguel Serna 0-0: Ball
1-0: Ball
2-0: Fly out, F3 (Popup, 23F)
Top of the 7th over - 0 runs, 0 hits, 0 errors, 0 left on base; Jersey Shore 0 - Kalamazoo 3
BOTTOM OF THE 7TH
Kalamazoo Royale with Cheese batting - Pitching for Jersey Shore D-Bags : RHP José Ramos
Batting: LHB Jim Clemente 0-0: Foul Ball, location: 2F
0-1: Fly out, F8 (Flyball, 8RM)
Batting: LHB Bill McJannett 0-0: Ball
1-0: Swinging Strike
1-1: Ball
2-1: Foul Ball, location: 2F
2-2: Strikes out looking
Batting: RHB Millard Boyd 0-0: Swinging Strike
0-1: Ball
1-1: Swinging Strike
1-2: Ball
2-2: Strikes out swinging
Bottom of the 7th over - 0 runs, 0 hits, 0 errors, 0 left on base; Jersey Shore 0 - Kalamazoo 3
TOP OF THE 8TH
Jersey Shore D-Bags batting - Pitching for Kalamazoo Royale with Cheese : RHP Frank Davis
Batting: LHB António Cedeño 0-0: Ball
1-0: Called Strike
1-1: Fly out, F8 (Flyball, 89D)
Batting: RHB Ben Morton 0-0: Foul Ball, location: 2F
0-1: Single, Error in OF, E7, batter to second base
Batting: LHB Ray Bryant 0-0: DOUBLE (Flyball, 7D)
Ben Morton scores
Batting: RHB Francisco Sandoval 0-0: Ball
1-0: Ball
2-0: Ball
3-0: Called Strike
3-1: Fly out, F8 (Line Drive, 8RXD)
Runner from 2nd tags up, SAFE at 3rd, no throw
Batting: LHB José Delgado 0-0: Ball
1-0: Ball
2-0: Foul Ball, location: 2F
2-1: Fly out, F7 (Flyball, 78M)
Top of the 8th over - 1 run, 2 hits, 1 error, 1 left on base; Jersey Shore 1 - Kalamazoo 3
BOTTOM OF THE 8TH
Kalamazoo Royale with Cheese batting - Pitching for Jersey Shore D-Bags : RHP José Ramos
Pitching: LHP Hyo-chin Kim
Batting: LHB Gene Cooper 0-0: Ground out 5-3 (Groundball, 6)
Pitching: RHP Barry Garner
Batting: SHB Caden Keith 0-0: Ball
1-0: Foul Ball, location: 2F
1-1: Swinging Strike
1-2: Strikes out swinging
Batting: LHB Roberto Sandoval 0-0: Ball
1-0: Foul Ball, location: 2F
1-1: Foul Ball, location: 2F
1-2: Foul Ball, location: 2F
1-2: Foul Ball, location: 2F
1-2: Foul Ball, location: 2F
1-2: Strikes out swinging
Bottom of the 8th over - 0 runs, 0 hits, 0 errors, 0 left on base; Jersey Shore 1 - Kalamazoo 3
TOP OF THE 9TH
Jersey Shore D-Bags batting - Pitching for Kalamazoo Royale with Cheese : RHP Frank Davis
Pitching: RHP Víctor Reyes
Batting: LHB Juan Hernández 0-0: Called Strike
0-1: Ball
1-1: Ball
2-1: Ball
3-1: Foul Ball, location: 2F
3-2: Ground out 5-3 (Groundball, 56)
Batting: RHB Ricardo González 0-0: Ball
1-0: Ball
2-0: Foul Ball, location: 2F
2-1: Ball
3-1: Ground out 4-3 (Groundball, 4M)
Batting: LHB Dave Dodd 0-0: Called Strike
0-1: SINGLE (Line Drive, 78S)
Batting: RHB Miguel Serna 0-0: Ball
1-0: Ball
2-0: Foul Ball, location: 2F
2-1: SINGLE (Line Drive, 9S)
Dave Dodd to second
Pinch Runner at 2nd Mike Ingram:
Batting: LHB António Cedeño 0-0: Called Strike
0-1: Ball
1-1: Foul Ball, location: 2F
1-2: Ball
2-2: Ground out 4-3 (Groundball, 4)
Top of the 9th over - 0 runs, 2 hits, 0 errors, 2 left on base; Jersey Shore 1 - Kalamazoo 3
Saturday, April 7th, 2018 - OOTP Baseball 18.8 Build 76